[ PARTIDA AOE2 · #476020786 ]
Team RMPortugueses vs Malians
[ ANÁLISIS DE REPETICIÓN · EXTRAÍDO DE LA PARTIDA GRABADA ]
Feudal
—
Castillos
—
Imperial
—
| APM promedio | 6.7 |
| APM pico | 24 |
| eAPM promedio | 5.1 |
| Aldeanos / militares | 44 / 0 |
Foco
⚔️ 4.9% · 🌾 95.1%
Feudal
—
Castillos
—
Imperial
—
| APM promedio | 15.3 |
| APM pico | 54 |
| eAPM promedio | 7.5 |
| Aldeanos / militares | 49 / 13 |
Foco
⚔️ 14.0% · 🌾 86.0%
Spearman ×13 · Trade Cart ×3
Feudal
—
Castillos
—
Imperial
—
| APM promedio | 19.0 |
| APM pico | 66 |
| eAPM promedio | 8.9 |
| Aldeanos / militares | 78 / 4 |
Foco
⚔️ 12.1% · 🌾 87.9%
Camel Scout ×4
Feudal
—
Castillos
—
Imperial
—
| APM promedio | 7.2 |
| APM pico | 59 |
| eAPM promedio | 6.2 |
| Aldeanos / militares | 39 / 7 |
Foco
⚔️ 10.6% · 🌾 89.4%
Archer ×5 · Spearman ×2
Feudal
—
Castillos
—
Imperial
—
| APM promedio | 21.9 |
| APM pico | 57 |
| eAPM promedio | 9.3 |
| Aldeanos / militares | 47 / 26 |
Foco
⚔️ 20.1% · 🌾 79.9%
Scout Cavalry ×26
Feudal
—
Castillos
—
Imperial
—
| APM promedio | 17.9 |
| APM pico | 32 |
| eAPM promedio | 13.2 |
| Aldeanos / militares | 120 / 4 |
Foco
⚔️ 7.1% · 🌾 92.9%
Monk ×4
Feudal
—
Castillos
—
Imperial
—
| APM promedio | 5.4 |
| APM pico | 52 |
| eAPM promedio | 2.8 |
| Aldeanos / militares | 24 / 0 |
Foco
⚔️ 0.0% · 🌾 100.0%
Feudal
—
Castillos
—
Imperial
—
| APM promedio | 17.0 |
| APM pico | 62 |
| eAPM promedio | 10.9 |
| Aldeanos / militares | 119 / 10 |
Foco
⚔️ 16.7% · 🌾 83.3%
Skirmisher ×8 · Battering Ram ×1 · Mangonel ×1
Mapa de la partida
Recursos iniciales + cada clic de construcción. Líneas = muros · curvas = relieve. ◆ oro · ⬟ piedra · ● bayas · ✦ reliquia · ◌ hueco del cierre
Tu base· Abierta — flanco sin cerrar
Base de Imperial Kermit· Abierta — flanco sin cerrar
Base de TheShaef· Abierta — flanco sin cerrar
Base de Max PaUra· Abierta — flanco sin cerrar
Base de Nabtogo· Abierta — flanco sin cerrar
Base de 所以狼· Abierta — flanco sin cerrar
Base de Sir Rubo· Abierta — flanco sin cerrar
Base de notifshashwat· Abierta — flanco sin cerrar
Terreno inicial suavizado · ◌ = hueco del cierre detectado · pasá el cursor para detalles
Inputs por minuto
— Lukrat - - Imperial Kermit
Build order — Lukrat
86 acciones detectadas en el replay
| 0:16 | Construir | House |
| 0:17 | Construir | House |
| 0:18 | Construir | House |
| 0:19 | Construir | House |
| 0:22 | Crear | Villager (Male) ×4 |
| 0:23 | Investigar | Loom |
| 1:38 | Construir | Mill |
| 2:24 | Crear | Villager (Male) |
| 2:49 | Crear | Villager (Male) |
| 3:21 | Crear | Villager (Male) |
| 3:53 | Crear | Villager (Male) |
| 3:53 | Crear | Villager (Male) |
| 4:42 | Crear | Villager (Male) |
| 4:43 | Crear | Villager (Male) |
| 4:43 | Crear | Villager (Male) |
| 4:43 | Crear | Villager (Male) |
| 5:26 | Crear | Villager (Male) |
| 5:26 | Crear | Villager (Male) |
| 5:27 | Crear | Villager (Male) |
| 5:27 | Crear | Villager (Male) |
| 6:08 | Crear | Villager (Male) |
| 6:09 | Crear | Villager (Male) |
| 7:11 | Crear | Villager (Male) |
| 8:36 | Construir | Lumber Camp |
| 8:43 | Crear | Villager (Male) |
| 8:43 | Crear | Villager (Male) |
| 9:12 | Construir | Mill |
| 10:06 | Crear | Villager (Male) |
| 10:20 | Construir | House |
| 10:37 | Construir | Mining Camp |
| 10:48 | Construir | Mining Camp |
| 11:39 | Investigar | Feudal Age |
| 12:21 | Construir | Lumber Camp |
| 12:28 | Construir | House |
| 12:49 | Construir | House |
| 13:43 | Construir | Barracks |
| 13:54 | Construir | Blacksmith |
| 14:10 | Investigar | Wheelbarrow |
| 14:14 | Investigar | Double-Bit Axe |
| 14:18 | Investigar | Horse Collar |
| 14:23 | Investigar | Gold Mining |
| 14:25 | Investigar | Stone Mining |
| 15:18 | Construir | House |
| 15:23 | Construir | House |
| 15:44 | Crear | Villager (Male) |
| 15:45 | Crear | Villager (Male) |
| 15:45 | Crear | Villager (Male) |
| 15:45 | Crear | Villager (Male) |
| 15:45 | Crear | Villager (Male) |
| 15:46 | Crear | Villager (Male) |
| 15:46 | Crear | Villager (Male) |
| 15:46 | Crear | Villager (Male) |
| 16:59 | Construir | Stone Wall |
| 17:43 | Crear | Villager (Male) |
| 17:44 | Crear | Villager (Male) |
| 17:44 | Crear | Villager (Male) |
| 19:17 | Crear | Villager (Male) |
| 19:17 | Crear | Villager (Male) |
| 19:18 | Crear | Villager (Male) |
| 19:29 | Construir | Farm |
| 19:30 | Construir | Farm |
| 19:31 | Construir | Farm |
| 19:32 | Construir | Farm |
| 19:32 | Construir | Farm |
| 19:33 | Construir | Farm |
| 19:34 | Construir | Farm |
| 19:35 | Construir | Farm |
| 19:36 | Construir | Farm |
| 19:36 | Construir | Farm |
| 19:45 | Construir | Farm |
| 20:00 | Construir | Farm |
| 20:30 | Crear | Villager (Male) |
| 20:30 | Crear | Villager (Male) |
| 20:30 | Crear | Villager (Male) |
| 20:30 | Crear | Villager (Male) |
| 20:52 | Construir | Farm |
| 21:25 | Crear | Villager (Male) |
| 21:25 | Crear | Villager (Male) |
| 21:25 | Crear | Villager (Male) |
| 21:40 | Construir | Farm |
| 22:05 | Construir | Farm |
| 23:03 | Construir | Market |
| 23:12 | Investigar | Fletching |
| 24:09 | Construir | Stone Wall |
| 24:16 | Investigar | Castle Age |
| 25:06 | Construir | Archery Range |
Build order — Imperial Kermit
118 acciones detectadas en el replay
| 0:02 | Crear | Villager (Male) |
| 0:03 | Investigar | Loom |
| 0:03 | Crear | Villager (Male) |
| 0:03 | Crear | Villager (Male) |
| 0:04 | Crear | Villager (Male) |
| 0:11 | Construir | House |
| 0:13 | Construir | House |
| 2:20 | Crear | Villager (Male) |
| 2:20 | Crear | Villager (Male) |
| 2:41 | Crear | Villager (Male) |
| 2:42 | Crear | Villager (Male) |
| 3:56 | Crear | Villager (Male) |
| 3:56 | Crear | Villager (Male) |
| 3:57 | Crear | Villager (Male) |
| 3:57 | Crear | Villager (Male) |
| 5:23 | Construir | Mill |
| 6:10 | Construir | Lumber Camp |
| 7:12 | Investigar | Feudal Age |
| 7:16 | Crear | Villager (Male) |
| 7:16 | Crear | Villager (Male) |
| 7:57 | Crear | Villager (Male) |
| 7:57 | Crear | Villager (Male) |
| 7:57 | Crear | Villager (Male) |
| 8:23 | Construir | House |
| 8:25 | Construir | House |
| 9:38 | Crear | Villager (Male) |
| 9:39 | Crear | Villager (Male) |
| 9:39 | Crear | Villager (Male) |
| 9:45 | Construir | House |
| 9:46 | Construir | House |
| 9:52 | Crear | Villager (Male) |
| 9:57 | Crear | Villager (Male) |
| 9:57 | Crear | Villager (Male) |
| 9:57 | Crear | Villager (Male) |
| 9:58 | Crear | Villager (Male) |
| 10:45 | Construir | House |
| 11:14 | Construir | House |
| 11:21 | Crear | Villager (Male) |
| 11:22 | Crear | Villager (Male) |
| 11:23 | Crear | Villager (Male) |
| 11:23 | Crear | Villager (Male) |
| 11:23 | Crear | Villager (Male) |
| 12:32 | Crear | Villager (Male) |
| 12:33 | Crear | Villager (Male) |
| 13:01 | Construir | House |
| 13:04 | Construir | House |
| 13:21 | Construir | Barracks |
| 13:24 | Construir | House |
| 13:26 | Construir | House |
| 13:42 | Crear | Villager (Male) |
| 13:43 | Crear | Villager (Male) |
| 13:43 | Crear | Villager (Male) |
| 14:07 | Construir | Mining Camp |
| 14:12 | Construir | House |
| 15:18 | Construir | House |
| 15:21 | Construir | House |
| 15:22 | Construir | House |
| 15:30 | Construir | Mining Camp |
| 15:50 | Construir | Lumber Camp |
| 15:55 | Crear | Villager (Male) |
| 15:55 | Crear | Villager (Male) |
| 15:56 | Crear | Villager (Male) |
| 15:57 | Crear | Villager (Male) |
| 16:10 | Investigar | Gold Mining |
| 16:13 | Crear | Spearman |
| 16:13 | Crear | Spearman |
| 16:41 | Construir | House |
| 16:47 | Construir | House |
| 17:01 | Crear | Spearman |
| 17:02 | Crear | Spearman |
| 17:03 | Crear | Spearman |
| 17:04 | Crear | Spearman |
| 17:14 | Investigar | Wheelbarrow |
| 17:14 | Investigar | Town Watch |
| 17:29 | Construir | Mining Camp |
| 17:47 | Construir | Farm |
| 18:22 | Construir | Stone Wall |
| 19:17 | Crear | Spearman |
| 19:17 | Crear | Spearman |
| 19:17 | Crear | Spearman |
| 19:17 | Crear | Spearman |
| 19:18 | Crear | Spearman |
| 19:18 | Crear | Spearman |
| 19:18 | Crear | Spearman |
| 19:54 | Construir | Farm |
| 19:56 | Construir | Farm |
| 20:04 | Construir | Farm |
| 20:05 | Construir | Farm |
| 20:33 | Construir | Farm |
| 20:39 | Construir | Farm |
| 20:43 | Investigar | Double-Bit Axe |
| 20:49 | Construir | Farm |
| 20:50 | Construir | Farm |
| 20:53 | Crear | Villager (Male) |
| 20:53 | Crear | Villager (Male) |
| 20:53 | Crear | Villager (Male) |
| 21:04 | Crear | Villager (Male) |
| 21:04 | Crear | Villager (Male) |
| 21:13 | Construir | Farm |
| 21:14 | Construir | Farm |
| 21:15 | Construir | Farm |
| 21:17 | Construir | Farm |
| 21:19 | Construir | Farm |
| 21:30 | Construir | Farm |
| 21:35 | Crear | Villager (Male) |
| 21:35 | Crear | Villager (Male) |
| 21:40 | Construir | Farm |
| 21:41 | Construir | Farm |
| 21:43 | Construir | Farm |
| 21:59 | Construir | Market |
| 22:04 | Construir | Blacksmith |
| 22:09 | Crear | Villager (Male) |
| 22:10 | Crear | Villager (Male) |
| 22:10 | Crear | Villager (Male) |
| 23:34 | Construir | Watch Tower |
| 23:51 | Crear | Trade Cart |
| 23:51 | Crear | Trade Cart |
| 23:51 | Crear | Trade Cart |
Build order — TheShaef
Primeras 150 de 180 acciones detectadas
| 0:01 | Crear | Villager (Male) |
| 0:02 | Crear | Villager (Male) |
| 0:02 | Crear | Villager (Male) |
| 0:02 | Crear | Villager (Male) |
| 0:04 | Construir | House |
| 0:06 | Construir | House |
| 1:32 | Crear | Villager (Male) |
| 1:50 | Construir | Lumber Camp |
| 2:17 | Crear | Villager (Male) |
| 2:31 | Crear | Villager (Male) |
| 2:59 | Crear | Villager (Male) |
| 3:11 | Crear | Villager (Male) |
| 3:37 | Construir | House |
| 3:56 | Crear | Villager (Male) |
| 4:06 | Construir | Mill |
| 4:10 | Crear | Villager (Male) |
| 5:01 | Crear | Villager (Male) |
| 5:34 | Crear | Villager (Male) |
| 6:14 | Crear | Villager (Male) |
| 6:18 | Crear | Villager (Male) |
| 7:06 | Crear | Villager (Male) |
| 7:46 | Crear | Villager (Male) |
| 7:47 | Crear | Villager (Male) |
| 7:49 | Construir | House |
| 7:59 | Crear | Villager (Male) |
| 8:25 | Crear | Villager (Male) |
| 8:58 | Investigar | Loom |
| 8:58 | Investigar | Feudal Age |
| 9:40 | Construir | Mining Camp |
| 10:28 | Crear | Villager (Male) |
| 10:36 | Crear | Villager (Male) |
| 10:57 | Construir | Lumber Camp |
| 11:14 | Construir | Barracks |
| 11:18 | Construir | House |
| 11:34 | Construir | Farm |
| 11:42 | Construir | Farm |
| 12:09 | Construir | Stable |
| 12:13 | Construir | Blacksmith |
| 12:22 | Construir | Farm |
| 12:27 | Construir | Farm |
| 12:33 | Investigar | Double-Bit Axe |
| 12:45 | Construir | House |
| 12:49 | Construir | House |
| 13:02 | Investigar | Horse Collar |
| 13:03 | Crear | Villager (Male) |
| 13:09 | Construir | Farm |
| 13:22 | Investigar | Bloodlines |
| 13:38 | Crear | Villager (Male) |
| 13:39 | Crear | Villager (Male) |
| 13:59 | Construir | House |
| 14:02 | Construir | House |
| 14:09 | Crear | Villager (Male) |
| 14:18 | Construir | Farm |
| 14:21 | Construir | Farm |
| 14:29 | Construir | Farm |
| 14:52 | Construir | Palisade Wall |
| 15:16 | Crear | Villager (Male) |
| 15:18 | Crear | Villager (Male) |
| 15:22 | Construir | Farm |
| 15:27 | Construir | Farm |
| 15:31 | Construir | Farm |
| 15:56 | Construir | Palisade Wall |
| 15:58 | Crear | Villager (Male) |
| 16:06 | Construir | Farm |
| 16:10 | Construir | Farm |
| 16:16 | Construir | Farm |
| 16:28 | Crear | Villager (Male) |
| 16:43 | Construir | Mining Camp |
| 16:50 | Crear | Villager (Male) |
| 16:55 | Construir | Farm |
| 16:59 | Construir | Farm |
| 17:06 | Construir | Farm |
| 17:12 | Construir | Farm |
| 17:35 | Construir | Palisade Wall |
| 17:38 | Crear | Villager (Male) |
| 17:38 | Crear | Villager (Male) |
| 18:10 | Construir | Palisade Wall |
| 18:19 | Investigar | Castle Age |
| 18:40 | Construir | Stone Wall |
| 18:49 | Investigar | Gold Mining |
| 18:51 | Investigar | Stone Mining |
| 19:37 | Crear | Villager (Male) |
| 19:37 | Crear | Villager (Male) |
| 20:17 | Construir | Lumber Camp |
| 21:13 | Construir | Town Center |
| 21:16 | Construir | Town Center |
| 21:21 | Crear | Villager (Male) |
| 21:33 | Investigar | Husbandry |
| 21:34 | Crear | Camel Scout |
| 21:36 | Investigar | Scale Barding Armor |
| 21:36 | Investigar | Forging |
| 21:53 | Construir | Stone Wall |
| 21:57 | Construir | Stone Wall |
| 22:10 | Construir | House |
| 22:11 | Construir | House |
| 22:12 | Construir | House |
| 22:14 | Construir | House |
| 22:15 | Construir | House |
| 22:19 | Crear | Villager (Male) |
| 22:19 | Crear | Villager (Male) |
| 22:58 | Construir | Farm |
| 23:01 | Construir | Farm |
| 23:04 | Investigar | Wheelbarrow |
| 23:07 | Crear | Villager (Male) |
| 23:17 | Investigar | Gold Shaft Mining |
| 23:20 | Investigar | Stone Shaft Mining |
| 23:21 | Crear | Villager (Male) |
| 23:24 | Crear | Villager (Male) |
| 23:25 | Crear | Villager (Male) |
| 23:31 | Construir | Farm |
| 23:36 | Crear | Villager (Male) |
| 23:53 | Construir | Farm |
| 23:56 | Crear | Villager (Male) |
| 24:03 | Construir | Farm |
| 24:08 | Crear | Camel Scout |
| 24:08 | Crear | Camel Scout |
| 24:09 | Crear | Camel Scout |
| 24:15 | Crear | Villager (Male) |
| 24:15 | Crear | Villager (Male) |
| 24:38 | Crear | Villager (Male) |
| 24:39 | Crear | Villager (Male) |
| 24:40 | Crear | Villager (Male) |
| 24:40 | Crear | Villager (Male) |
| 24:53 | Construir | Farm |
| 24:58 | Construir | Farm |
| 25:02 | Construir | Farm |
| 25:10 | Construir | Farm |
| 25:14 | Crear | Villager (Male) |
| 25:14 | Crear | Villager (Male) |
| 25:15 | Crear | Villager (Male) |
| 25:15 | Crear | Villager (Male) |
| 26:09 | Construir | Farm |
| 26:14 | Investigar | Iron Casting |
| 26:14 | Investigar | Chain Barding Armor |
| 26:16 | Investigar | Scale Mail Armor |
| 26:23 | Investigar | Bow Saw |
| 26:27 | Crear | Villager (Male) |
| 26:27 | Crear | Villager (Male) |
| 26:44 | Crear | Villager (Male) |
| 26:44 | Crear | Villager (Male) |
| 26:46 | Crear | Villager (Male) |
| 26:46 | Crear | Villager (Male) |
| 26:46 | Crear | Villager (Male) |
| 27:01 | Construir | House |
| 27:02 | Construir | House |
| 27:03 | Construir | House |
| 27:09 | Construir | Farm |
| 27:11 | Crear | Villager (Male) |
| 27:11 | Crear | Villager (Male) |
| 27:12 | Crear | Villager (Male) |
Build order — Max PaUra
45 acciones detectadas en el replay
| 0:15 | Construir | House |
| 0:24 | Construir | House |
| 0:28 | Crear | Villager (Male) |
| 0:30 | Investigar | Loom |
| 0:32 | Crear | Villager (Male) ×3 |
| 0:32 | Crear | Villager (Male) |
| 20:25 | Construir | House |
| 20:28 | Crear | Villager (Male) ×9 |
| 20:28 | Crear | Villager (Male) |
| 21:44 | Construir | Mill |
| 22:12 | Construir | Lumber Camp |
| 22:20 | Crear | Villager (Male) ×2 |
| 22:20 | Crear | Villager (Male) |
| 22:57 | Crear | Villager (Male) ×2 |
| 22:57 | Crear | Villager (Male) |
| 22:58 | Construir | Farm |
| 22:59 | Construir | Farm |
| 24:25 | Crear | Villager (Male) ×5 |
| 24:25 | Crear | Villager (Male) |
| 24:55 | Construir | Farm |
| 25:05 | Construir | Farm |
| 25:11 | Crear | Villager (Male) ×2 |
| 25:11 | Crear | Villager (Male) |
| 25:16 | Construir | Barracks |
| 25:19 | Construir | Barracks |
| 25:22 | Construir | Barracks |
| 25:25 | Construir | Barracks |
| 25:28 | Construir | Barracks |
| 26:02 | Construir | House |
| 26:05 | Construir | House |
| 26:12 | Construir | House |
| 26:15 | Construir | House |
| 26:18 | Construir | House |
| 26:21 | Construir | House |
| 26:24 | Construir | House |
| 26:51 | Investigar | Feudal Age |
| 27:07 | Construir | Mining Camp |
| 27:40 | Crear | Villager (Male) ×8 |
| 27:40 | Crear | Villager (Male) |
| 29:45 | Investigar | Wheelbarrow |
| 29:56 | Crear | Spearman |
| 29:56 | Crear | Spearman |
| 30:12 | Construir | Archery Range |
| 31:33 | Crear | Archer ×4 |
| 31:33 | Crear | Archer |
Build order — Nabtogo
124 acciones detectadas en el replay
| 0:13 | Crear | Villager (Male) ×4 |
| 0:20 | Construir | House |
| 1:59 | Crear | Villager (Male) |
| 2:37 | Crear | Villager (Male) |
| 2:38 | Crear | Villager (Male) |
| 3:30 | Construir | House |
| 3:35 | Construir | House |
| 3:44 | Crear | Villager (Male) |
| 4:10 | Crear | Villager (Male) |
| 5:01 | Crear | Villager (Male) ×3 |
| 5:18 | Crear | Villager (Male) ×3 |
| 6:26 | Crear | Villager (Male) ×4 |
| 6:53 | Crear | Villager (Male) |
| 6:56 | Construir | Barracks |
| 7:13 | Crear | Villager (Male) |
| 7:30 | Construir | House |
| 8:23 | Crear | Villager (Male) |
| 8:55 | Construir | Mill |
| 9:30 | Crear | Villager (Male) |
| 9:33 | Crear | Villager (Male) |
| 9:52 | Construir | House |
| 10:27 | Construir | Farm |
| 10:28 | Construir | Farm |
| 10:28 | Construir | Farm |
| 10:50 | Construir | House |
| 10:57 | Construir | House |
| 11:18 | Investigar | Feudal Age |
| 12:06 | Construir | Mining Camp |
| 13:31 | Construir | Lumber Camp |
| 13:40 | Construir | Stable |
| 13:51 | Investigar | Wheelbarrow |
| 13:51 | Crear | Villager (Male) ×5 |
| 13:53 | Crear | Villager (Male) ×5 |
| 14:53 | Investigar | Bloodlines |
| 15:30 | Construir | Blacksmith |
| 16:03 | Construir | Lumber Camp |
| 16:16 | Construir | Stable |
| 16:22 | Investigar | Scale Barding Armor |
| 16:36 | Construir | Farm |
| 16:55 | Construir | House |
| 16:58 | Construir | House |
| 17:02 | Construir | House |
| 17:13 | Construir | Farm |
| 17:14 | Construir | Farm |
| 17:15 | Construir | Farm |
| 17:20 | Construir | House |
| 17:25 | Crear | Scout Cavalry |
| 17:42 | Construir | Palisade Wall |
| 17:50 | Crear | Scout Cavalry |
| 18:00 | Construir | Palisade Wall |
| 18:02 | Construir | Palisade Gate |
| 18:21 | Construir | Farm |
| 18:22 | Construir | Farm |
| 18:22 | Construir | Farm |
| 18:23 | Construir | Farm |
| 18:24 | Construir | Farm |
| 18:34 | Crear | Scout Cavalry |
| 19:30 | Investigar | Forging |
| 19:53 | Construir | Farm |
| 19:53 | Construir | Farm |
| 19:54 | Construir | Farm |
| 19:55 | Construir | Farm |
| 19:55 | Construir | Farm |
| 20:04 | Construir | Farm |
| 20:04 | Construir | Farm |
| 20:05 | Construir | Farm |
| 20:06 | Construir | Farm |
| 20:11 | Construir | Palisade Wall |
| 20:23 | Construir | Palisade Gate |
| 20:29 | Crear | Scout Cavalry |
| 20:29 | Crear | Scout Cavalry |
| 20:39 | Crear | Scout Cavalry |
| 20:52 | Investigar | Double-Bit Axe |
| 21:16 | Construir | Outpost |
| 21:25 | Construir | Watch Tower |
| 21:32 | Crear | Scout Cavalry |
| 21:32 | Crear | Scout Cavalry |
| 21:36 | Construir | Farm |
| 21:44 | Construir | House |
| 21:48 | Construir | House |
| 21:58 | Construir | Outpost |
| 22:13 | Crear | Villager (Male) |
| 22:18 | Crear | Villager (Male) |
| 22:37 | Construir | Outpost |
| 23:14 | Construir | Outpost |
| 23:22 | Crear | Villager (Male) ×5 |
| 23:30 | Construir | Farm |
| 23:30 | Construir | Farm |
| 23:30 | Construir | Farm |
| 23:36 | Crear | Scout Cavalry |
| 23:36 | Crear | Scout Cavalry |
| 23:54 | Construir | Outpost |
| 24:27 | Crear | Scout Cavalry |
| 24:27 | Crear | Scout Cavalry |
| 25:12 | Construir | Farm |
| 25:12 | Construir | Farm |
| 25:56 | Crear | Scout Cavalry |
| 25:56 | Crear | Scout Cavalry |
| 26:03 | Construir | Farm |
| 26:03 | Construir | Farm |
| 26:04 | Construir | Farm |
| 26:04 | Construir | Farm |
| 26:12 | Crear | Scout Cavalry |
| 26:13 | Crear | Scout Cavalry |
| 26:19 | Investigar | Castle Age |
| 26:24 | Crear | Scout Cavalry |
| 26:24 | Crear | Scout Cavalry |
| 26:40 | Construir | Lumber Camp |
| 26:57 | Construir | House |
| 26:59 | Construir | House |
| 27:05 | Crear | Villager (Male) |
| 27:07 | Crear | Scout Cavalry |
| 27:08 | Crear | Scout Cavalry |
| 27:55 | Crear | Scout Cavalry |
| 27:56 | Crear | Scout Cavalry |
| 27:58 | Crear | Scout Cavalry |
| 27:59 | Crear | Scout Cavalry |
| 28:00 | Crear | Scout Cavalry |
| 28:01 | Crear | Scout Cavalry |
| 29:31 | Construir | Town Center |
| 29:40 | Crear | Villager (Male) ×5 |
| 30:51 | Investigar | Chain Barding Armor |
| 31:37 | Investigar | Iron Casting |
| 31:46 | Investigar | Hand Cart |
Build order — 所以狼
Primeras 150 de 242 acciones detectadas
| 0:01 | Crear | Villager (Male) |
| 0:02 | Crear | Villager (Male) |
| 0:02 | Crear | Villager (Male) |
| 0:05 | Construir | House |
| 1:11 | Construir | House |
| 1:15 | Construir | House |
| 1:16 | Construir | House |
| 1:21 | Crear | Villager (Male) |
| 1:43 | Crear | Villager (Male) |
| 2:09 | Crear | Villager (Male) |
| 2:26 | Construir | Lumber Camp |
| 2:32 | Crear | Villager (Male) |
| 2:52 | Crear | Villager (Male) |
| 3:18 | Crear | Villager (Male) |
| 3:45 | Crear | Villager (Male) |
| 4:12 | Crear | Villager (Male) |
| 4:38 | Crear | Villager (Male) |
| 4:49 | Construir | Mill |
| 5:04 | Crear | Villager (Male) |
| 5:30 | Crear | Villager (Male) |
| 5:58 | Crear | Villager (Male) |
| 6:19 | Crear | Villager (Male) |
| 6:36 | Construir | House |
| 6:45 | Crear | Villager (Male) |
| 6:52 | Construir | House |
| 6:53 | Construir | House |
| 6:54 | Construir | House |
| 6:55 | Construir | House |
| 7:09 | Crear | Villager (Male) |
| 7:33 | Crear | Villager (Male) |
| 7:40 | Construir | Farm |
| 7:44 | Construir | Farm |
| 7:46 | Crear | Villager (Male) |
| 7:51 | Construir | Farm |
| 8:13 | Construir | Farm |
| 8:15 | Crear | Villager (Male) |
| 8:36 | Construir | Farm |
| 8:58 | Crear | Villager (Male) |
| 9:08 | Construir | Mining Camp |
| 9:11 | Crear | Villager (Male) |
| 9:20 | Crear | Villager (Male) |
| 9:31 | Construir | Mining Camp |
| 10:12 | Crear | Villager (Male) |
| 10:40 | Investigar | Feudal Age |
| 10:44 | Construir | Farm |
| 12:51 | Crear | Villager (Male) |
| 12:52 | Crear | Villager (Male) |
| 12:52 | Crear | Villager (Male) |
| 12:52 | Crear | Villager (Male) |
| 13:04 | Construir | Market |
| 13:12 | Construir | Blacksmith |
| 14:09 | Investigar | Castle Age |
| 14:20 | Construir | Barracks |
| 14:51 | Construir | Stone Wall |
| 14:55 | Construir | Gate |
| 15:07 | Construir | House |
| 15:11 | Investigar | Double-Bit Axe |
| 15:16 | Investigar | Horse Collar |
| 15:30 | Construir | Mill |
| 15:37 | Construir | Farm |
| 16:09 | Construir | House |
| 16:19 | Investigar | Stone Mining |
| 17:05 | Construir | Town Center |
| 17:07 | Crear | Villager (Male) |
| 17:08 | Crear | Villager (Male) |
| 17:08 | Crear | Villager (Male) |
| 17:08 | Crear | Villager (Male) |
| 18:00 | Crear | Villager (Male) |
| 18:00 | Crear | Villager (Male) |
| 18:00 | Crear | Villager (Male) |
| 18:00 | Crear | Villager (Male) |
| 18:01 | Crear | Villager (Male) |
| 18:03 | Crear | Villager (Male) |
| 18:04 | Crear | Villager (Male) |
| 18:04 | Crear | Villager (Male) |
| 18:18 | Construir | Farm |
| 18:18 | Construir | Farm |
| 18:34 | Crear | Villager (Male) |
| 18:34 | Crear | Villager (Male) |
| 18:48 | Investigar | Gold Mining |
| 18:52 | Construir | Farm |
| 18:55 | Crear | Villager (Male) |
| 19:14 | Construir | Farm |
| 19:26 | Crear | Villager (Male) |
| 19:30 | Crear | Villager (Male) |
| 19:49 | Construir | Monastery |
| 19:57 | Construir | Farm |
| 19:58 | Crear | Villager (Male) |
| 20:00 | Crear | Villager (Male) |
| 20:28 | Construir | Stone Wall |
| 20:30 | Construir | Stone Wall |
| 20:36 | Construir | Gate |
| 20:43 | Crear | Villager (Male) |
| 20:44 | Crear | Villager (Male) |
| 20:45 | Crear | Villager (Male) |
| 20:46 | Crear | Villager (Male) |
| 20:49 | Crear | Monk |
| 21:01 | Construir | House |
| 21:02 | Construir | House |
| 21:15 | Construir | Town Center |
| 21:35 | Construir | Town Center |
| 21:51 | Construir | Farm |
| 21:53 | Construir | Farm |
| 21:54 | Construir | Farm |
| 21:57 | Crear | Villager (Male) |
| 22:05 | Construir | House |
| 22:07 | Construir | House |
| 22:11 | Crear | Monk |
| 22:20 | Crear | Villager (Male) |
| 22:20 | Crear | Villager (Male) |
| 22:24 | Crear | Villager (Male) |
| 22:24 | Crear | Villager (Male) |
| 22:56 | Construir | Stone Wall |
| 23:02 | Construir | Stone Wall |
| 23:04 | Construir | Stone Wall |
| 23:13 | Construir | Gate |
| 23:14 | Construir | Gate |
| 23:20 | Construir | House |
| 23:31 | Crear | Villager (Male) |
| 23:31 | Crear | Villager (Male) |
| 23:31 | Crear | Villager (Male) |
| 23:35 | Crear | Villager (Male) |
| 23:36 | Crear | Villager (Male) |
| 23:36 | Crear | Villager (Male) |
| 23:38 | Crear | Villager (Male) |
| 23:39 | Crear | Villager (Male) |
| 23:39 | Crear | Villager (Male) |
| 23:51 | Construir | Farm |
| 23:52 | Construir | Farm |
| 23:52 | Construir | Farm |
| 23:52 | Construir | Farm |
| 23:53 | Construir | Farm |
| 23:56 | Construir | Farm |
| 23:57 | Construir | Farm |
| 23:58 | Construir | Farm |
| 24:00 | Construir | Farm |
| 24:01 | Construir | Farm |
| 24:02 | Construir | Farm |
| 24:04 | Construir | Farm |
| 24:11 | Construir | Farm |
| 24:14 | Investigar | Heavy Plow |
| 24:25 | Construir | House |
| 24:51 | Crear | Villager (Male) |
| 24:52 | Crear | Villager (Male) |
| 24:52 | Crear | Villager (Male) |
| 25:04 | Construir | Farm |
| 25:04 | Construir | Farm |
| 25:08 | Construir | Farm |
| 25:09 | Construir | Farm |
| 25:10 | Construir | Farm |
Build order — Sir Rubo
43 acciones detectadas en el replay
| 0:16 | Construir | House |
| 0:17 | Construir | House |
| 0:18 | Construir | House |
| 0:22 | Crear | Villager (Male) |
| 0:23 | Crear | Villager (Male) |
| 0:23 | Investigar | Loom |
| 0:24 | Crear | Villager (Male) |
| 0:24 | Crear | Villager (Male) |
| 0:25 | Crear | Villager (Male) |
| 1:53 | Construir | House |
| 2:05 | Crear | Villager (Male) |
| 2:37 | Crear | Villager (Male) |
| 3:33 | Crear | Villager (Male) |
| 3:33 | Crear | Villager (Male) |
| 3:34 | Crear | Villager (Male) |
| 4:19 | Crear | Villager (Male) |
| 5:24 | Construir | Lumber Camp |
| 5:30 | Crear | Villager (Male) |
| 5:30 | Crear | Villager (Male) |
| 5:31 | Crear | Villager (Male) |
| 5:31 | Crear | Villager (Male) |
| 6:29 | Crear | Villager (Male) |
| 6:29 | Crear | Villager (Male) |
| 6:30 | Crear | Villager (Male) |
| 6:30 | Crear | Villager (Male) |
| 7:54 | Construir | Lumber Camp |
| 8:56 | Crear | Villager (Male) |
| 8:56 | Crear | Villager (Male) |
| 9:29 | Construir | Mill |
| 9:59 | Construir | Mill |
| 11:06 | Construir | Farm |
| 11:06 | Construir | Farm |
| 11:06 | Construir | Farm |
| 11:06 | Construir | Farm |
| 11:08 | Construir | Farm |
| 11:08 | Construir | Farm |
| 11:12 | Construir | Farm |
| 11:15 | Construir | Farm |
| 11:19 | Crear | Villager (Male) |
| 11:20 | Crear | Villager (Male) |
| 11:20 | Crear | Villager (Male) |
| 12:59 | Construir | Mining Camp |
| 14:22 | Investigar | Feudal Age |
Build order — notifshashwat
Primeras 150 de 216 acciones detectadas
| 0:07 | Construir | House |
| 0:10 | Construir | House |
| 0:58 | Crear | Villager (Male) |
| 0:59 | Crear | Villager (Male) |
| 0:59 | Crear | Villager (Male) |
| 0:59 | Crear | Villager (Male) |
| 2:20 | Crear | Villager (Male) |
| 2:20 | Crear | Villager (Male) |
| 2:21 | Crear | Villager (Male) |
| 2:57 | Crear | Villager (Male) |
| 2:57 | Crear | Villager (Male) |
| 2:57 | Crear | Villager (Male) |
| 3:27 | Construir | Lumber Camp |
| 4:08 | Crear | Villager (Male) |
| 4:08 | Crear | Villager (Male) |
| 4:08 | Crear | Villager (Male) |
| 4:09 | Crear | Villager (Male) |
| 5:05 | Construir | Mill |
| 5:17 | Crear | Villager (Male) |
| 5:17 | Crear | Villager (Male) |
| 5:17 | Crear | Villager (Male) |
| 5:56 | Construir | House |
| 5:59 | Construir | House |
| 6:01 | Construir | House |
| 6:24 | Crear | Villager (Male) |
| 6:24 | Crear | Villager (Male) |
| 6:25 | Crear | Villager (Male) |
| 6:25 | Crear | Villager (Male) |
| 6:47 | Crear | Villager (Male) |
| 6:47 | Crear | Villager (Male) |
| 6:47 | Crear | Villager (Male) |
| 7:42 | Construir | Mining Camp |
| 9:03 | Crear | Villager (Male) |
| 9:03 | Crear | Villager (Male) |
| 9:03 | Crear | Villager (Male) |
| 9:03 | Crear | Villager (Male) |
| 9:04 | Crear | Villager (Male) |
| 9:04 | Crear | Villager (Male) |
| 9:52 | Construir | Dock |
| 10:29 | Construir | Farm |
| 10:37 | Construir | Farm |
| 10:48 | Construir | House |
| 10:54 | Construir | House |
| 11:00 | Construir | House |
| 11:01 | Construir | House |
| 11:03 | Construir | House |
| 11:51 | Construir | Lumber Camp |
| 12:00 | Investigar | Feudal Age |
| 12:00 | Crear | Villager (Male) |
| 12:01 | Crear | Villager (Male) |
| 12:01 | Crear | Villager (Male) |
| 12:01 | Crear | Villager (Male) |
| 12:14 | Investigar | Loom |
| 12:28 | Construir | Farm |
| 12:33 | Construir | Farm |
| 12:54 | Construir | Farm |
| 14:10 | Crear | Villager (Male) |
| 14:10 | Crear | Villager (Male) |
| 14:17 | Investigar | Double-Bit Axe |
| 14:38 | Construir | Town Center |
| 14:50 | Investigar | Horse Collar |
| 15:05 | Construir | House |
| 15:34 | Crear | Villager (Male) |
| 15:34 | Crear | Villager (Male) |
| 15:36 | Investigar | Wheelbarrow |
| 15:44 | Crear | Villager (Male) |
| 15:44 | Crear | Villager (Male) |
| 15:44 | Crear | Villager (Male) |
| 15:45 | Crear | Villager (Male) |
| 16:03 | Construir | Farm |
| 16:10 | Investigar | Gold Mining |
| 17:19 | Crear | Villager (Male) |
| 17:19 | Crear | Villager (Male) |
| 17:19 | Crear | Villager (Male) |
| 17:19 | Crear | Villager (Male) |
| 17:20 | Crear | Villager (Male) |
| 17:40 | Construir | Blacksmith |
| 17:50 | Construir | House |
| 17:53 | Construir | House |
| 17:55 | Construir | House |
| 17:58 | Construir | House |
| 18:11 | Construir | Market |
| 18:29 | Crear | Villager (Male) |
| 18:29 | Crear | Villager (Male) |
| 18:29 | Crear | Villager (Male) |
| 18:32 | Crear | Villager (Male) |
| 18:33 | Crear | Villager (Male) |
| 19:35 | Crear | Villager (Male) |
| 19:36 | Crear | Villager (Male) |
| 19:57 | Construir | Farm |
| 20:08 | Construir | Farm |
| 20:14 | Construir | Farm |
| 20:20 | Investigar | Town Watch |
| 20:22 | Crear | Villager (Male) |
| 20:22 | Crear | Villager (Male) |
| 20:22 | Crear | Villager (Male) |
| 20:23 | Crear | Villager (Male) |
| 20:32 | Construir | Farm |
| 20:40 | Construir | Farm |
| 21:03 | Construir | Farm |
| 21:07 | Construir | Farm |
| 21:15 | Crear | Villager (Male) |
| 21:15 | Crear | Villager (Male) |
| 21:15 | Crear | Villager (Male) |
| 21:16 | Crear | Villager (Male) |
| 21:26 | Crear | Villager (Male) |
| 21:26 | Crear | Villager (Male) |
| 21:26 | Crear | Villager (Male) |
| 21:35 | Construir | Farm |
| 21:47 | Construir | Farm |
| 22:02 | Construir | Barracks |
| 22:10 | Construir | Siege Workshop |
| 22:19 | Investigar | Padded Archer Armor |
| 22:21 | Investigar | Fletching |
| 22:30 | Construir | Farm |
| 22:39 | Construir | Farm |
| 22:46 | Crear | Villager (Male) |
| 22:46 | Crear | Villager (Male) |
| 22:46 | Crear | Villager (Male) |
| 22:47 | Crear | Villager (Male) |
| 22:47 | Crear | Villager (Male) |
| 22:48 | Crear | Villager (Male) |
| 23:08 | Construir | Farm |
| 23:16 | Construir | Farm |
| 23:29 | Construir | Farm |
| 23:33 | Construir | Farm |
| 23:38 | Construir | Farm |
| 23:41 | Crear | Villager (Male) |
| 23:42 | Crear | Villager (Male) |
| 23:42 | Crear | Villager (Male) |
| 23:42 | Crear | Villager (Male) |
| 23:43 | Crear | Villager (Male) |
| 23:43 | Crear | Villager (Male) |
| 23:59 | Crear | Villager (Male) |
| 23:59 | Crear | Villager (Male) |
| 24:08 | Construir | Farm |
| 24:20 | Construir | Farm |
| 24:25 | Construir | Farm |
| 24:36 | Construir | Farm |
| 24:49 | Construir | Farm |
| 25:08 | Investigar | Castle Age |
| 25:15 | Crear | Villager (Male) |
| 25:15 | Crear | Villager (Male) |
| 25:16 | Crear | Villager (Male) |
| 25:16 | Crear | Villager (Male) |
| 25:16 | Crear | Villager (Male) |
| 25:25 | Construir | Farm |
| 25:30 | Construir | Farm |
| 25:40 | Construir | Mining Camp |
| 25:50 | Construir | Mining Camp |
Cronología de la partida
| 6:56 | Nabtogo · first_building Barracks |
| 9:52 | notifshashwat · first_building Dock |
| 11:14 | TheShaef · first_building Barracks |
| 12:09 | TheShaef · first_building Stable |
| 13:21 | Imperial Kermit · first_building Barracks |
| 13:40 | Nabtogo · first_building Stable |
| 13:43 | Lukrat · first_building Barracks |
| 14:20 | 所以狼 · first_building Barracks |
| 14:32 | Sir Rubo · resign |
| 14:51 | 所以狼 · wall_segment Stone Wall x15 |
| 14:52 | TheShaef · wall_segment Palisade Wall x3 |
| 15:56 | TheShaef · wall_segment Palisade Wall x13 |
| 16:54 | 所以狼 · first_market_buy 100 wood |
| 16:59 | Lukrat · wall_segment Stone Wall x65 |
| 17:35 | TheShaef · wall_segment Palisade Wall x9 |
| 17:42 | Nabtogo · wall_segment Palisade Wall x16 |
| 18:00 | Nabtogo · wall_segment Palisade Wall x18 |
| 18:10 | TheShaef · wall_segment Palisade Wall x6 |
| 18:22 | Imperial Kermit · wall_segment Stone Wall x55 |
| 18:40 | TheShaef · wall_segment Stone Wall x10 |
| 19:49 | 所以狼 · first_building Monastery |
| 20:11 | Nabtogo · wall_segment Palisade Wall x10 |
| 20:28 | 所以狼 · wall_segment Stone Wall x17 |
| 20:30 | 所以狼 · wall_segment Stone Wall x5 |
| 21:53 | TheShaef · wall_segment Stone Wall x13 |
| 21:57 | TheShaef · wall_segment Stone Wall x6 |
| 22:02 | notifshashwat · first_building Barracks |
| 22:10 | notifshashwat · first_building Siege Workshop |
| 22:56 | 所以狼 · wall_segment Stone Wall x17 |
| 23:02 | 所以狼 · wall_segment Stone Wall x17 |
| 23:04 | 所以狼 · wall_segment Stone Wall x5 |
| 24:09 | Lukrat · wall_segment Stone Wall x23 |
| 24:57 | notifshashwat · first_market_buy 100 food |
| 25:06 | Lukrat · first_building Archery Range |
| 25:16 | Max PaUra · first_building Barracks |
| 25:25 | 所以狼 · first_building Castle |
| 25:45 | 所以狼 · wall_segment Stone Wall x25 |
| 26:28 | notifshashwat · first_building Archery Range |
| 29:05 | TheShaef · first_building Castle |
| 29:20 | 所以狼 · first_building Siege Workshop |
| 30:12 | Max PaUra · first_building Archery Range |
| 30:21 | 所以狼 · first_building Archery Range |
| 30:26 | 所以狼 · first_building Stable |
| 30:32 | TheShaef · first_building Monastery |
| 30:37 | notifshashwat · first_building Monastery |
| 31:49 | 所以狼 · wall_segment Stone Wall x6 |
[ ANÁLISIS IA · 1 CRÉDITO ]
¿Qué pasó realmente en esta partida?
Wolo.gg analiza cada decisión: build order, eco, micro, errores típicos por bracket. Análisis personalizado por WhatsApp o Discord en 30 segundos.
Guía civ
Portugueses
Guía mapa
MegaRandom
Perfil
Lukrat